 Dungeon Crawl Stone Soup version 0.30-a0-948-g4fa250aae5 (webtiles) character file.

Game seed: 6895953021144637298

3275 miket3c the Carver (level 9, -1/81 HPs)
             Began as a Minotaur Fighter on Mar 26, 2023.
             Was a Believer of Okawaru.
             Slain by an orc warrior
             ... wielding a +0 scimitar of flaming
              (5 damage)
             ... on level 8 of the Dungeon.
             The game lasted 00:14:05 (6645 turns).

miket3c the Carver (Minotaur Fighter)               Turns: 6645, Time: 00:14:05

Health: -1/81      AC: 13    Str: 22    XL:     9   Next: 68%
Magic:  0/8        EV: 17    Int:  5    God:    Okawaru [**....]
Gold:   502        SH:  5    Dex: 13    Spells: 8/8 levels left

rFire   . . .      SeeInvis .    H - +4 scimitar
rCold   . . .      Faith    .    c - +0 buckler
rNeg    . . .      Spirit   +    b - +0 scale mail
rPois   .          Reflect  .    (helmet restricted)
rElec   .          Rampage  .    (no cloak)
rCorr   .                        (no gloves)
Will    .....                    j - +0 pair of boots Stlth
                                 v - amulet of guardian spirit
HPRegen 0.33/turn                g - +4 ring of protection
MPRegen 0.11/turn                q - +5 ring of evasion

@: no status effects
A: horns 2, retaliatory headbutt
a: Renounce Religion, Heroism


You were on level 8 of the Dungeon.
You worshipped Okawaru.
Okawaru was pleased with you.
You visited 2 branches of the dungeon, and saw 9 of its levels.

You collected 502 gold pieces.

Inventory:

Hand Weapons
 a - a +2 vampiric long sword
 d - a +0 great sword
 r - the +9 mace "Zacvich" {flame, rF+ rC- Int+3 Stlth+}
   (You found it on level 4 of the Dungeon)

   Int:       It affects your intelligence (+3).
   rF:        It protects you from fire.
   rC:        It makes you vulnerable to cold.
   Stlth:     It makes you more stealthy.
 H - a +4 scimitar (weapon)
Missiles
 i - a throwing net
 l - 13 poisoned darts (quivered)
 x - a curare-tipped dart
Armour
 b - a +0 scale mail (worn)
 c - a +0 buckler (worn)
 f - a +1 chain mail
 j - a +0 pair of boots (worn)
 w - a +1 hat
 G - +0 steam dragon scales
Jewellery
 e - a ring of protection from fire
 g - a +4 ring of protection (left hand)
 h - a +6 ring of intelligence
 p - a +6 ring of intelligence
 q - a +5 ring of evasion (right hand)
 v - an amulet of guardian spirit (around neck)
 y - a +5 ring of evasion
 E - the necklace of Bloodlust {Fury *Rage Will++ Int-3 Slay+6}
   (You found it on level 7 of the Dungeon)

   [amulet of nothing]

   Fury:      It extends the wearer's berserk rage when killing foes.
   Int:       It affects your intelligence (-3).
   Slay:      It affects your accuracy & damage with ranged weapons and melee
   (+6).
   *Rage:     It berserks you when you make melee attacks (+50% chance).
   Will:      It greatly increases your willpower.
 K - a ring of protection from cold
Wands
 t - a wand of digging (4)
Scrolls
 k - 6 scrolls of teleportation
 s - 3 scrolls of magic mapping
 A - 3 scrolls of blinking
 J - a scroll of identify
Potions
 m - a potion of invisibility
 n - 6 potions of curing
 o - a potion of ambrosia
 z - a potion of mutation
 B - 2 potions of flight
 C - a potion of brilliance {unknown}
 D - a potion of lignification
 F - a potion of cancellation {unknown}
 I - a potion of might


   Skills:
 + Level 8.2 Fighting
 * Level 10.6 Long Blades
 + Level 8.3 Armour
 + Level 6.5 Dodging
 - Level 3.6 Shields


You had 8 spell levels left.
You didn't know any spells.
Your spell library contained the following spells:

 Spells                   Type           Power      Damage    Failure   Level
 Magic Dart               Conj           0%         1d3       85%         1
 Searing Ray              Conj           0%         2d4       94%         2
 Portal Projectile        Hex/Tloc       0%         N/A       99%         3
 Fulminant Prism          Conj/Hex       0%         3d5       100%        4
 Leda's Liquefaction      Hex/Erth       0%         N/A       100%        4
 Call Canine Familiar     Summ           Unusable   N/A       N/A         3

Dungeon Overview and Level Annotations

Branches:
Dungeon (8/15)             Temple (1/1) D:7
   Lair: D:8-11

Altars:
Ashenzari
Cheibriados
Dithmenos
Elyvilon
Fedhas
Hepliaklqana
Kikubaaqudgha
Makhleb
Okawaru
Sif Muna
Wu Jian
Xom
Zin

Annotations:
D:7 1 runed translucent door, cforsyth's ghost, novice FoFi


Innate Abilities, Weirdness & Mutations

You have a pair of horns on your head.
You reflexively headbutt those who attack you in melee.


Message History

* * * LOW HITPOINT WARNING * * *
The orc warrior closely misses you.
You slice the orc priest!!
You kill the orc priest!
Okawaru accepts your kill. The orc warrior misses you.
Unknown command.
You hit the orc warrior but do no damage.
Your headbutt misses the orc warrior.
The orc warrior is heavily wounded.
The orc warrior barely misses you.
You closely miss the orc warrior.
The orc warrior is heavily wounded.
The orc warrior hits you with a +0 scimitar of flaming!
* * * LOW HITPOINT WARNING * * *
The orc warrior burns you.
* * * LOW HITPOINT WARNING * * *
You feel much better.
The orc warrior hits you with a +0 scimitar of flaming!
* * * LOW HITPOINT WARNING * * *
The orc warrior burns you.
* * * LOW HITPOINT WARNING * * *
You don't have enough magic at the moment.
You don't have enough magic at the moment.
You don't have enough magic at the moment.
You barely miss the orc warrior.
The orc warrior is heavily wounded.
The orc warrior hits you with a +0 scimitar of flaming!
* * * LOW HITPOINT WARNING * * *
The orc warrior burns you.
* * * LOW HITPOINT WARNING * * *
You hit the orc warrior but do no damage.
The orc warrior is heavily wounded.
You block the orc warrior's attack.
You hit the orc warrior. You headbutt the orc warrior.
The orc warrior is almost dead.
You closely miss the orc warrior. Your headbutt misses the orc warrior.
The orc warrior is almost dead.
The orc warrior hits you with a +0 scimitar of flaming.
You die...

#.####### .# ##.##
#...# #...# #...#
#..[# #...# #..
####...#####.....
..........@)..#
..........o)......
..............##..
####.###.####.#
..# ##. ... #.. .
### #. .# ##


You could see an orc warrior.

Vanquished Creatures
  A deep troll (D:7)
  A hornet (D:7)
  A wyvern (D:7)
  A steam dragon (D:6)
  A water moccasin (D:6)
  A sky beast (D:8)
  2 ice beasts
  2 ogres
  A kobold brigand (D:6)
  2 bullfrogs (D:8)
  2 scorpions (D:5)
  10 wights (D:7)
  3 jellies
  4 hounds
  An orc priest (D:8)
  5 sleepcaps
  3 iguanas
  5 orc wizards
  4 gnolls (D:2)
  10 adders
  A river rat (D:4)
  A shadow imp (D:6)
  2 white imps
  7 worms
  2 dart slugs
  20 orcs
  8 ball pythons
  12 endoplasms
  5 giant cockroaches
  6 goblins
  5 hobgoblins
  7 jackals
  4 quokkas
  7 bats
  8 frilled lizards
  8 kobolds
  5 rats
168 creatures vanquished.

Vanquished Creatures (others)
  A white imp (D:6)
  A plant (D:2)
2 creatures vanquished.

Grand Total: 170 creatures vanquished

Notes
Turn   | Place    | Note
-------+----------+-------------------------------------------
     0 | D:1      | miket3c the Minotaur Fighter began the quest for the Orb.
     0 | D:1      | Reached XP level 1. HP: 19/19 MP: 0/0
   107 | D:1      | Reached XP level 2. HP: 27/27 MP: 1/1
   168 | D:1      | Reached skill level 3 in Long Blades
   292 | D:1      | Reached skill level 1 in Dodging
   359 | D:1      | Reached XP level 3. HP: 22/33 MP: 2/2
   412 | D:1      | Found a faded altar of an unknown god.
  1112 | D:2      | Reached XP level 4. HP: 40/40 MP: 3/3
  1207 | D:2      | Reached skill level 4 in Long Blades
  1411 | D:2      | Identified the +0 robe of Tortured Life {rElec rF++}
  1685 | D:3      | Reached XP level 5. HP: 47/47 MP: 4/4
  2208 | D:4      | Identified the +9 mace "Zacvich" {flame, rF+ rC- Int+3
                  | Stlth+}
  2282 | D:4      | Reached skill level 5 in Long Blades
  2512 | D:4      | Reached XP level 6. HP: 44/55 MP: 5/5
  2618 | D:4      | Reached skill level 5 in Armour
  2823 | D:4      | Found a glowing drain.
  2906 | D:4      | Reached skill level 5 in Fighting
  3246 | D:5      | Entered Level 5 of the Dungeon
  3626 | D:5      | Reached skill level 6 in Long Blades
  3626 | D:5      | Reached XP level 7. HP: 61/61 MP: 6/6
  3925 | D:5      | Reached skill level 7 in Long Blades
  4444 | D:6      | Reached XP level 8. HP: 70/70 MP: 7/7
  4710 | D:6      | Reached skill level 8 in Long Blades
  4716 | D:6      | Found a shimmering altar of Xom.
  4717 | D:6      | Found a shadowy altar of Dithmenos.
  5272 | D:7      | Found a staircase to the Ecumenical Temple.
  5272 | D:7      | Noticed a hornet
  5278 | D:7      | Killed a hornet
  5279 | D:7      | Reached skill level 5 in Dodging
  5287 | Temple   | Entered the Ecumenical Temple
  5398 | Temple   | Became a worshipper of Warmaster Okawaru
  5479 | D:7      | Reached skill level 9 in Long Blades
  5573 | D:7      | Reached XP level 9. HP: 74/79 MP: 6/8
  5626 | D:7      | Reached * piety under Okawaru
  5650 | D:7      | Noticed cforsyth's ghost (novice FoFi)
  5653 | D:7      | Found a runed translucent door.
  5755 | D:7      | Noticed a deep troll
  5776 | D:7      | Killed a deep troll
  5777 | D:7      | Reached skill level 10 in Long Blades
  5778 | D:7      | Found the necklace of Bloodlust {Fury *Rage Will++ Int-3
                  | Slay+6}
  5988 | D:7      | Found a broken altar of Ashenzari.
  6191 | D:7      | Found a hazy altar of Hepliaklqana.
  6222 | D:7      | Found a white marble altar of Elyvilon.
  6526 | D:8      | Found a shimmering blue altar of Sif Muna.
  6592 | D:8      | Reached ** piety under Okawaru
  6605 | D:8      | Identified the +2 robe of Amuw {rPois Will+ rCorr Int+2}
  6642 | D:8      | HP: 3/81 [orc warrior/+0 scimitar of flaming (3)]
  6645 | D:8      | Slain by an orc warrior

Illustrated notes

Levels and vault maps discovered:
D:1:      dpeg_arrival_brainrot, layout_basic,
          hellmonk_ecumenical_altar_defaced_shrine
D:2:      layout_loops_ring, serial_bayou, serial_bayou_ford_a,
          serial_bayou_pond_e, serial_bayou_shore_b, serial_bayou_pond_b
D:3:      layout_basic
D:4:      layout_basic, lightli_sewer_entry_pipes
D:5:      layout_loops_cross, serial_rivers, chequers_serial_rivers_large_a,
          chequers_serial_rivers_room_a, chequers_serial_rivers_micro_e,
          chequers_serial_rivers_micro_c, chequers_serial_rivers_micro_d,
          hellmonk_no_cap
D:6:      layout_loops_ring, jmf_multi_god_temple,
          chequers_serial_rivers_small_b, minivault_23
D:7:      layout_rooms, ashenzari_altar_1, mainiacjoe_overflow_two_lobes,
          minmay_temple_entry_wispy, hellmonk_ghost_happy_afterlife,
          hellmonk_guarded_unrand_vitality_bloodlust
D:8:      layout_loops_cross, mainiacjoe_overflow_alcove_4, uniq_erica
Temple:   regret_index_temple_generic_petals

Skill      XL: |  1  2  3  4  5  6  7  8  9 |
---------------+----------------------------+-----
Long Blades    | 3 4 5 6 7 9 10 | 10.6
Dodging        | 1 2 3 4 5 6 |  6.5
Fighting       | 4 5 6 7 8 |  8.2
Armour         | 4 5 6 7 8 |  8.3
Shields        | |  3.6

Action                     |  1- 3 |  4- 6 |  7- 9 || total
---------------------------+-------+-------+-------++-------
  Melee: Long sword        |   114 |   150 |   191 ||   455
         Headbutt          |    15 |    34 |    48 ||    97
         Scimitar          |       |       |    39 ||    39
  Throw: Dart              |       |       |     9 ||     9
         Throwing net      |       |       |     1 ||     1
 Invoke: Heroism           |       |       |     1 ||     1
    Use: Scroll            |       |    12 |     8 ||    20
         Potion            |       |       |     2 ||     2
 Armour: Scale mail        |    54 |    55 |    51 ||   160
  Dodge: Dodged            |    57 |    59 |   151 ||   267
  Block: Buckler           |    34 |    26 |    43 ||   103

Table legend: (Time is in decaauts)
 A = Elapsed time spent in this place.
 B = Non-inter-level travel time spent in this place.
 C = Inter-level travel time spent in this place.
 D = Time resting spent in this place.
 E = Time spent auto-exploring this place.
 F = Levels seen in this place.
 G = Mean time per level.
                   A        B        C        D        E       F      G
               +--------+--------+--------+--------+--------+-----+--------+
         Total |   6752 |   6430 |    322 |    137 |   5070 |   9 |  750.2 |
       Dungeon |   6608 |   6328 |    280 |    137 |   4977 |   8 |  826.0 |
        Temple |    143 |    101 |     42 |      0 |     93 |   1 |  143.0 |
               +--------+--------+--------+--------+--------+-----+--------+

Top non-repeatable levels by time:
     D:7: 1118 daAuts
     D:4: 1108 daAuts
     D:5: 1088 daAuts
     D:6: 901 daAuts
     D:1: 851 daAuts
     D:2: 704 daAuts
     D:3: 674 daAuts
     D:8: 162 daAuts
  Temple: 143 daAuts
